 Dungeon Crawl Stone Soup version 0.28.0-53-g5a82cb258f (webtiles) character file.

Game seed: 1290603155092785439

15 ILmort the Chopper (level 2, 0/27 HPs)
             Began as a Hill Orc Monk on Aug 20, 2022.
             Slain by a kobold
             ... wielding a +0 whip
              (4 damage)
             ... on level 1 of the Dungeon.
             The game lasted 00:01:02 (397 turns).

ILmort the Chopper (Hill Orc Monk)                   Turns: 397, Time: 00:01:03

Health: 0/27       AC:  2    Str: 13    XL:     2   Next: 50%
Magic:  2/2        EV: 12    Int: 10    God:
Gold:   0          SH:  0    Dex: 13    Spells: 1/1 levels left

rFire   . . .      SeeInvis .   a - +0 hand axe
rCold   . . .      Faith    .   (no shield)
rNeg    . . .      Spirit   .   b - +0 robe
rPois   .          Reflect  .   (no helmet)
rElec   .          Harm     .   (no cloak)
rCorr   .          Rampage  .   (no gloves)
Will    .....                   (no boots)
Stlth   ++........              (no amulet)
HPRegen 0.09/turn               (no ring)
MPRegen 0.08/turn               (no ring)

@: weak-willed
A: no striking features
a: no special abilities


You were on level 1 of the Dungeon.
You visited 1 branch of the dungeon, and saw 1 of its levels.

Inventory:

Hand Weapons
 a - a +0 hand axe (weapon)
Armour
 b - a +0 robe (worn)
Potions
 d - a potion of haste {unknown}


   Skills:
 + Level 4.0 Fighting
 * Level 4.8 Axes
 - Level 2.4 Dodging
 - Level 1.5 Stealth


You had one spell level left.
You didn't know any spells.
Your spell library was empty.

Dungeon Overview and Level Annotations

Branches:
Dungeon (1/15)

Altars:


Message History

An endoplasm comes into view.
Found 7 gold pieces.
The endoplasm quivers.
The bat closely misses you. The bat closely misses you. The bat hits you.
The endoplasm freezes you.
You are frozen.
A kobold comes into view. It is wielding a +0 whip.
You miss the bat.
The kobold shouts!
You hit the endoplasm. The bat barely misses you.
A bat comes into view.
The endoplasm closely misses you.
You hit the endoplasm.
You punch the endoplasm, but do no damage.
You hit the bat. The bat hits you but does no damage.
The endoplasm barely misses you.
You hit the endoplasm.
You kill the endoplasm!
The bat hits you but does no damage. The bat misses you. The bat hits you.
Your Fighting skill increases to level 4!
You barely miss the bat. The bat misses you. The bat hits you.
The kobold throws a stone.
The stone closely misses you.
The bat hits you. x2; The bat closely misses you.
The kobold hits you with a +0 whip. The bat hits you.
The bat closely misses you.
A ball python comes into view.
The bat hits you but does no damage. The kobold hits you but does no damage.
You miss the bat.
The ball python hisses angrily.
You hit the kobold. The bat barely misses you. The bat completely misses you.
The bat hits you. The bat hits you but does no damage.
The kobold hits you with a +0 whip.
* * * LOW HITPOINT WARNING * * *
As you read the scroll labelled VEYMEY AGEZ, it crumbles to dust.
Magic quickly surges around you.
It was a scroll of vulnerability.
The bat barely misses you. x2; The bat hits you but does no damage.
The kobold hits you with a +0 whip.
You die...

...#.....##
...........#
...........# ... ##
...........# #.# ..
...#......## #.###.
#.#.......$# #.#..
#.....b....# #.#.#
#....@b.S.###.#.#
#..#..K..#.#.....####
#........).......##
.......#####..)).....
##..#### ##.###....
#.# #..# ... #.. #..#
# ... ## ##..# ...
#...# ###


You could see 2 bats, a ball python (weak-willed) and a kobold (weak-willed).

Vanquished Creatures
  2 endoplasms (D:1)
  A giant cockroach (D:1)
  2 goblins (D:1)
  A hobgoblin (D:1)
  3 jackals (D:1)
  A bat (D:1)
  2 kobolds (D:1)
  A rat (D:1)
13 creatures vanquished.

Notes
Turn   | Place    | Note
-------+----------+-------------------------------------------
     0 | D:1      | ILmort the Hill Orc Monk began the quest for the Orb.
     0 | D:1      | Reached XP level 1. HP: 19/19 MP: 1/1
   220 | D:1      | Reached XP level 2. HP: 16/27 MP: 2/2
   397 | D:1      | Slain by a kobold

Illustrated notes

Levels and vault maps discovered:
D:1:      heliophobic_arrival_henge, layout_rooms

Skill      XL: |  1  2 |
---------------+-------+-----
Fighting       | 4 |  4.0
Axes           | |  4.8
Dodging        | |  2.4
Stealth        | |  1.5

Action                   || total
-------------------------++-------
Melee: Hand axe          ||    56
       Punch             ||     1
  Use: Scroll            ||     1
Armor: Robe              ||    11
Dodge: Dodged            ||    45
